Workbook

Sheet PLANILHA ORÇAMENTÁRIA
B1: Prefeitura Municipal do Rio Grande | I1: Orçamento base para licitação
B2: Gabinete de Programas e Projetos Especiais | H2: Data base: | I2: 46174
I3: SINAPI RS DESONERADO
H4: BDI | I4: ='Cálculo BDI'!E24 -> 0.24329563
A5: PLANILHA ORÇAMENTÁRIA
A6: PROJETO DE PAVIMENTAÇÃO E DRENAGEM
A7: PROJETO RUA C - trecho entre as Ruas 3 e 7
A8: VILA DA QUINTA
A10: ITEM | B10: FONTE | C10: CÓDIGO | D10: DESCRIÇÃO | E10: UNIDADE | F10: QUANTIDADE | G10: CUSTO UNITARIO SEM BDI | H10: CUSTO UNITARIO COM BDI | I10: CUSTO TOTAL COM BDI
A11: 1. | B11: CANTEIRO DE OBRAS E ADMINISTRAÇÃO LOCAL | I11: =SUM(I12:I18) -> 94938.22
A12: 1.1 | B12: SINAPI | C12: 103689 | D12: AQUISIÇÃO E ASSENTAMENTO DE PLACA DE OBRA | E12: M2 | F12: 2.88 | G12: 492.3 | H12: =TRUNC(ROUND(G12*(1+$I$4),2),2) -> 612.07 | I12: =TRUNC(ROUND(H12*F12,2),2) -> 1762.76
A13: 1.2 | B13: SINAPI | C13: 10775 | D13: INSTALAÇÕES PROVISÓRIAS DE OBRA - CONTAINER PARA ESCRITÓRIO COM BANHEIRO | E13: MES | F13: 4 | G13: 1162.5 | H13: =TRUNC(ROUND(G13*(1+$I$4),2),2) -> 1445.33 | I13: =TRUNC(ROUND(H13*F13,2),2) -> 5781.32
A14: 1.3 | B14: COMPOSIÇÃO | C14: COMP-004 | D14: MOBILIZAÇÃO E DESMOBILIZAÇÃO TIPO II | E14: UNID. | F14: 2 | G14: 3723.24 | H14: =TRUNC(ROUND(G14*(1+$I$4),2),2) -> 4629.09 | I14: =TRUNC(ROUND(H14*F14,2),2) -> 9258.18
A15: 1.4 | B15: COMPOSIÇÃO | C15: COMP-006 | D15: ENTRADA PROVISÓRIA DE ENERGIA ELÉTRICA AÉREA TRIFÁSICA 50A EM POSTE DE CONCRETO | E15: UNID. | F15: 1 | G15: 4192.47 | H15: =TRUNC(ROUND(G15*(1+$I$4),2),2) -> 5212.48 | I15: =TRUNC(ROUND(H15*F15,2),2) -> 5212.48
A16: 1.5 | B16: COMPOSIÇÃO | C16: COMP-007 | D16: ENTRADA PROVISÓRIA DE ÁGUA COM HIDRÔMETRO 7m³/h (1") | E16: UNID. | F16: 1 | G16: 1083.8 | H16: =TRUNC(ROUND(G16*(1+$I$4),2),2) -> 1347.48 | I16: =TRUNC(ROUND(H16*F16,2),2) -> 1347.48
A17: 1.6 | B17: COMPOSIÇÃO | C17: COMP-008 | D17: ADMINISTRAÇÃO LOCAL TIPO I | E17: MÊS | F17: 4 | G17: 14207.8 | H17: =TRUNC(ROUND(G17*(1+$I$4),2),2) -> 17664.5 | I17: =TRUNC(ROUND(H17*F17,2),2) -> 70658
A18: 1.7 | B18: COMPOSIÇÃO | C18: COMP-010 | D18: SINALIZAÇÃO DE OBRA | E18: M | F18: 340 | G18: 2.17 | H18: =TRUNC(ROUND(G18*(1+$I$4),2),2) -> 2.7 | I18: =TRUNC(ROUND(H18*F18,2),2) -> 918
A19: 2. | B19: DRENAGEM | I19: =SUM(I21:I51) -> 358005.37
A20: 2.1 | B20: LOCAÇÃO E NIVELAMENTO DE OBRA - DRENAGEM
A21: 2.1.1 | B21: SINAPI | C21: 99063 | D21: LOCAÇÃO E NIVELAMENTO DE OBRA - TOPOGRAFIA PARA DRENAGEM | E21: M | F21: 340 | G21: 9.4 | H21: =TRUNC(ROUND(G21*(1+$I$4),2),2) -> 11.69 | I21: =TRUNC(ROUND(H21*F21,2),2) -> 3974.6
A22: 2.2 | B22: MOVIMENTAÇÃO DE TERRA
A23: 2.2.1 | B23: SINAPI | C23: 90102 | D23: ESCAVAÇÃO MECANIZADA DE VALAS EM ÁREA DE ALTA INTERFERÊNCIA | E23: M3 | F23: 585 | G23: 12 | H23: =TRUNC(ROUND(G23*(1+$I$4),2),2) -> 14.92 | I23: =TRUNC(ROUND(H23*F23,2),2) -> 8728.2
A24: 2.2.2 | B24: SINAPI | C24: 93379 | D24: REATERRO E COMPACTAÇÃO DE VALAS COM MATERIAL LOCAL | E24: M3 | F24: 526.2 | G24: 19.36 | H24: =TRUNC(ROUND(G24*(1+$I$4),2),2) -> 24.07 | I24: =TRUNC(ROUND(H24*F24,2),2) -> 12665.63
A25: 2.2.3 | B25: SINAPI | C25: 94339 | D25: REATERRO E COMPACTAÇÃO DE VALAS COM MATERIAL IMPORTADO | E25: M3 | F25: 225.6 | G25: 88.8 | H25: =TRUNC(ROUND(G25*(1+$I$4),2),2) -> 110.4 | I25: =TRUNC(ROUND(H25*F25,2),2) -> 24906.24
A26: 2.2.4 | B26: SINAPI | C26: 95877 | D26: REMOÇÃO DE MATERIAL ESCAVADO | E26: M3XKM | F26: 1586 | G26: 2.15 | H26: =TRUNC(ROUND(G26*(1+$I$4),2),2) -> 2.67 | I26: =TRUNC(ROUND(H26*F26,2),2) -> 4234.62
A27: 2.3 | B27: RETIRADA DE TUBULAÇÕES
A28: 2.3.1 | B28: COMPOSIÇÃO | C28: COMP-011 | D28: RETIRADA DE TUBULAÇÃO EXISTENTE - DN ATÉ 600 MM | E28: M | F28: 100 | G28: 19.48 | H28: =TRUNC(ROUND(G28*(1+$I$4),2),2) -> 24.22 | I28: =TRUNC(ROUND(H28*F28,2),2) -> 2422
A29: 2.3.2 | B29: SINAPI | C29: 100947 | D29: TRANSPORTE DA TUBULAÇÃO RETIRADA ATÉ LOCAL APROPRIADO | E29: TXKM | F29: 415 | G29: 2.54 | H29: =TRUNC(ROUND(G29*(1+$I$4),2),2) -> 3.16 | I29: =TRUNC(ROUND(H29*F29,2),2) -> 1311.4
A30: 2.4 | B30: INTERVENÇÕES EM PASSEIO PÚBLICO
A31: 2.4.1 | B31: SINAPI | C31: 97629 | D31: DEMOLIÇÃO DE PASSEIO PÚBLICO EXISTENTE | E31: M3 | F31: 30 | G31: 99.31 | H31: =TRUNC(ROUND(G31*(1+$I$4),2),2) -> 123.47 | I31: =TRUNC(ROUND(H31*F31,2),2) -> 3704.1
A32: 2.4.2 | B32: COMPOSIÇÃO | C32: COMP-013 | D32: REMOÇÃO E RECOMPOSIÇÃO DE PASSEIO EM CONCRETO SIMPLES | E32: M² | F32: 60 | G32: 66.99 | H32: =TRUNC(ROUND(G32*(1+$I$4),2),2) -> 83.29 | I32: =TRUNC(ROUND(H32*F32,2),2) -> 4997.4
A33: 2.4.3 | B33: COMPOSIÇÃO | C33: COMP-014 | D33: REMOÇÃO E RECOMPOSIÇÃO DE PASSEIO COM PISO CERÂMICO | E33: M² | F33: 30 | G33: 120.1 | H33: =TRUNC(ROUND(G33*(1+$I$4),2),2) -> 149.32 | I33: =TRUNC(ROUND(H33*F33,2),2) -> 4479.6
A34: 2.4.4 | B34: SINAPI | C34: 95877 | D34: REMOÇÃO DE MATERIAL | E34: M3XKM | F34: 201.6 | G34: 2.15 | H34: =TRUNC(ROUND(G34*(1+$I$4),2),2) -> 2.67 | I34: =TRUNC(ROUND(H34*F34,2),2) -> 538.27
A35: 2.5 | B35: REBAIXAMENTO DE LENÇOL FREÁTICO
A36: 2.5.1 | B36: COMPOSIÇÃO | C36: COMP-015 | D36: REBAIXAMENTO DE LENÇOL FREÁTICO PARA TUBULAÇÕES | E36: M | F36: 252 | G36: 42.46 | H36: =TRUNC(ROUND(G36*(1+$I$4),2),2) -> 52.79 | I36: =TRUNC(ROUND(H36*F36,2),2) -> 13303.08
A37: 2.5.2 | B37: COMPOSIÇÃO | C37: COMP-016 | D37: REBAIXAMENTO DE LENÇOL FREÁTICO PARA CAIXAS ATÉ PV6 | E37: UNID. | F37: 24 | G37: 441.95 | H37: =TRUNC(ROUND(G37*(1+$I$4),2),2) -> 549.47 | I37: =TRUNC(ROUND(H37*F37,2),2) -> 13187.28
A38: 2.6 | B38: TUBULAÇÕES
A39: 2.6.1 | B39: SINAPI | C39: 92851 | D39: FORNECIMENTO E ASSENTAMENTO DE TUBULAÇÃO φ 400 mm PEAD-JE | E39: M | F39: 170 | G39: 253.57 | H39: =TRUNC(ROUND(G39*(1+$I$4),2),2) -> 315.26 | I39: =TRUNC(ROUND(H39*F39,2),2) -> 53594.2
A40: 2.6.2 | B40: SINAPI | C40: 92855 | D40: FORNECIMENTO E ASSENTAMENTO DE TUBULAÇÃO φ 600 mm PEAD-JE | E40: M | F40: 170 | G40: 553.77 | H40: =TRUNC(ROUND(G40*(1+$I$4),2),2) -> 688.5 | I40: =TRUNC(ROUND(H40*F40,2),2) -> 117045
A41: 2.6.3 | B41: SICRO | C41: 5914434 | D41: TRANSPORTE DE TUBULAÇÕES | E41: tkm | F41: 6898.7 | G41: 0.91 | H41: =TRUNC(ROUND(G41*(1+$I$4),2),2) -> 1.13 | I41: =TRUNC(ROUND(H41*F41,2),2) -> 7795.53
A42: 2.7 | B42: REFORÇO DE TUBULAÇÕES
A43: 2.7.1 | B43: COMPOSIÇÃO | C43: COMP-023 | D43: REFORÇO COBERTURA DA TUBULAÇÃO - PÓ DE PEDRA | E43: M³ | F43: 9.7 | G43: 137.79 | H43: =TRUNC(ROUND(G43*(1+$I$4),2),2) -> 171.31 | I43: =TRUNC(ROUND(H43*F43,2),2) -> 1661.71
A44: 2.7.2 | B44: COMPOSIÇÃO | C44: COMP-024 | D44: TRANSPORTE DE MATERIAL GRANULAR (BGS, PÓ DE PEDRA, SAIBRO E RACHÃO) | E44: M³xKM | F44: 817.4 | G44: 1.06 | H44: =TRUNC(ROUND(G44*(1+$I$4),2),2) -> 1.32 | I44: =TRUNC(ROUND(H44*F44,2),2) -> 1078.97
A45: 2.8 | B45: CAIXAS COM BOCA DE LOBO, POÇOS DE VISITA E ALAS
A46: 2.8.1 | B46: COMPOSIÇÃO | C46: COMP-027 | D46: CAIXA COM BOCA DE LOBO - BL1 (0,90 X 0,90 M - INTERNO) - ALVENARIA TIJOLOS MACIÇOS | E46: UNID. | F46: 12 | G46: 2264.51 | H46: =TRUNC(ROUND(G46*(1+$I$4),2),2) -> 2815.46 | I46: =TRUNC(ROUND(H46*F46,2),2) -> 33785.52
A47: 2.8.2 | B47: COMPOSIÇÃO | C47: COMP-028 | D47: CAIXA COM BOCA DE LOBO - BL2 (1,10 X 0,90 M - INTERNO) - ALVENARIA TIJOLOS MACIÇOS | E47: UNID. | F47: 8 | G47: 2663.31 | H47: =TRUNC(ROUND(G47*(1+$I$4),2),2) -> 3311.28 | I47: =TRUNC(ROUND(H47*F47,2),2) -> 26490.24
A48: 2.8.3 | B48: COMPOSIÇÃO | C48: COMP-031 | D48: POÇO DE VISITA - PV1 (1,00 M X 1,00 M - INTERNO - ALVENARIA ESTRUTURAL BLOCOS DE CONCRETO) | E48: UNID. | F48: 4 | G48: 3390.58 | H48: =TRUNC(ROUND(G48*(1+$I$4),2),2) -> 4215.49 | I48: =TRUNC(ROUND(H48*F48,2),2) -> 16861.96
A49: 2.9 | B49: INTERFERÊNCIAS EM CAIXAS EXISTENTES
A50: 2.9.1 | B50: COMPOSIÇÃO | C50: COMP-060 | D50: LIMPEZA EM CAIXA DE DRENAGEM EXISTENTE | E50: M³ | F50: 1.5 | G50: 62.62 | H50: =TRUNC(ROUND(G50*(1+$I$4),2),2) -> 77.86 | I50: =TRUNC(ROUND(H50*F50,2),2) -> 116.79
A51: 2.9.2 | B51: COMPOSIÇÃO | C51: COMP-062 | D51: RECUPERAÇÃO DE CAIXA COM BOCA DE LOBO DE TIJOLOS MACIÇOS | E51: UNID. | F51: 1 | G51: 903.27 | H51: =TRUNC(ROUND(G51*(1+$I$4),2),2) -> 1123.03 | I51: =TRUNC(ROUND(H51*F51,2),2) -> 1123.03
A52: 3. | B52: PAVIMENTAÇÃO | I52: =SUM(I54:I67) -> 348604.62
A53: 3.1 | B53: LOCAÇÃO E NIVELAMENTO DE OBRA - PAVIMENTAÇÃO
A54: 3.1.1 | B54: SINAPI | C54: 105011 | D54: LOCAÇÃO E NIVELAMENTO DE OBRA - TOPOGRAFIA (PAVIMENTAÇÃO) | E54: M | F54: 340 | G54: 0.57 | H54: =TRUNC(ROUND(G54*(1+$I$4),2),2) -> 0.71 | I54: =TRUNC(ROUND(H54*F54,2),2) -> 241.4
A55: 3.2 | B55: PREPARO DA CANCHA
A56: 3.2.1 | B56: SINAPI | C56: 101116 | D56: ESCAVAÇÃO MECANIZADA DE MATERIAL (CORTE) | E56: M3 | F56: 559 | G56: 2.42 | H56: =TRUNC(ROUND(G56*(1+$I$4),2),2) -> 3.01 | I56: =TRUNC(ROUND(H56*F56,2),2) -> 1682.59
A57: 3.2.2 | B57: SINAPI | C57: 100577 | D57: REGULARIZAÇÃO E COMPACTAÇÃO DE SUBLEITO | E57: M2 | F57: 2040 | G57: 1.51 | H57: =TRUNC(ROUND(G57*(1+$I$4),2),2) -> 1.88 | I57: =TRUNC(ROUND(H57*F57,2),2) -> 3835.2
A58: 3.2.3 | B58: SINAPI | C58: 93379 | D58: REATERRO MECANIZADO E COMPACTAÇÃO COM MATERIAL LOCAL | E58: M3 | F58: 28 | G58: 19.36 | H58: =TRUNC(ROUND(G58*(1+$I$4),2),2) -> 24.07 | I58: =TRUNC(ROUND(H58*F58,2),2) -> 673.96
A59: 3.2.4 | B59: SINAPI | C59: 95877 | D59: REMOÇÃO MATERIAL ESCAVADO | E59: M3XKM | F59: 14318 | G59: 2.15 | H59: =TRUNC(ROUND(G59*(1+$I$4),2),2) -> 2.67 | I59: =TRUNC(ROUND(H59*F59,2),2) -> 38229.06
A60: 3.2.5 | B60: COMPOSIÇÃO | C60: COMP-069 | D60: COLOCAÇÃO E COMPACTAÇÃO DE SAIBRO PARA BASE | E60: M³ | F60: 27 | G60: 76.23 | H60: =TRUNC(ROUND(G60*(1+$I$4),2),2) -> 94.78 | I60: =TRUNC(ROUND(H60*F60,2),2) -> 2559.06
A61: 3.2.6 | B61: COMPOSIÇÃO | C61: COMP-024 | D61: TRANSPORTE DE MATERIAL GRANULAR (BGS, PÓ DE PEDRA, SAIBRO E RACHÃO) | E61: M³xKM | F61: 2403.1 | G61: 1.06 | H61: =TRUNC(ROUND(G61*(1+$I$4),2),2) -> 1.32 | I61: =TRUNC(ROUND(H61*F61,2),2) -> 3172.09
A62: 3.3 | B62: MEIOS-FIOS DE CONCRETO PRÉ-MOLDADO
A63: 3.3.1 | B63: SINAPI | C63: 94273 | D63: FORNECIMENTO E ASSENTAMENTO DE MEIOS-FIOS DE CONCRETO PRÉ-MOLDADO 100 X 15 X 13 X 30 CM | E63: M | F63: 655 | G63: 52.4 | H63: =TRUNC(ROUND(G63*(1+$I$4),2),2) -> 65.15 | I63: =TRUNC(ROUND(H63*F63,2),2) -> 42673.25
A64: 3.3.2 | B64: COMPOSIÇÃO | C64: COMP-070 | D64: ESCORAMENTO DE MEIOS-FIOS | E64: M | F64: 655 | G64: 5.32 | H64: =TRUNC(ROUND(G64*(1+$I$4),2),2) -> 6.61 | I64: =TRUNC(ROUND(H64*F64,2),2) -> 4329.55
A65: 3.4 | B65: PAVIMENTAÇÃO COM BLOCOS DE CONCRETO INTERTRAVADO
A66: 3.4.1 | B66: SINAPI | C66: 92404 | D66: FORNECIMENTO E ASSENTAMENTO DE BLOCO DE CONCRETO INTERTRAVADO - e = 8 cm - REJUNTE AREIA GROSSA - COLCHÃO DE AREIA MÉDIA OU PÓ DE PEDRA | E66: M2 | F66: 2040 | G66: 81.07 | H66: =TRUNC(ROUND(G66*(1+$I$4),2),2) -> 100.79 | I66: =TRUNC(ROUND(H66*F66,2),2) -> 205611.6
A67: 3.4.2 | B67: SICRO | C67: 5914434 | D67: TRANSPORTE DE BLOCO DE CONCRETO INTERTRAVADO | E67: tkm | F67: 40351.2 | G67: 0.91 | H67: =TRUNC(ROUND(G67*(1+$I$4),2),2) -> 1.13 | I67: =TRUNC(ROUND(H67*F67,2),2) -> 45596.86
A68: 4. | B68: VEGETAÇÃO | I68: =SUM(I69) -> 1076.04
A69: 4.1 | B69: COMPOSIÇÃO | C69: COMP-079 | D69: SUPRESSÃO DE ÁRVORES (TRONCO ATÉ 40 CM DE DIÂMETRO) | E69: UNID. | F69: 4 | G69: 216.37 | H69: =TRUNC(ROUND(G69*(1+$I$4),2),2) -> 269.01 | I69: =TRUNC(ROUND(H69*F69,2),2) -> 1076.04
A70: 5. | B70: SINALIZAÇÃO DE TRÂNSITO | I70: =SUM(I72:I76) -> 9767.11
A71: 5.1 | B71: SINALIZAÇÃO VERTICAL
A72: 5.1.1 | B72: COMPOSIÇÃO | C72: COMP-081 | D72: PLACA DE SINALIZAÇÃO DE TRANSITO SEMI-REFLETIVA L=25cm INCLUSO SUPORTE METALICO GALVANIZADO - PARE - R-1 | E72: UNID. | F72: 4 | G72: 656.24 | H72: =TRUNC(ROUND(G72*(1+$I$4),2),2) -> 815.9 | I72: =TRUNC(ROUND(H72*F72,2),2) -> 3263.6
A73: 5.1.2 | B73: COMPOSIÇÃO | C73: COMP-086 | D73: PLACA DE IDENTIFICAÇÃO DE LOGRADOURO INCLUSO SUPORTE METALICO GALVANIZADO (2 PLACAS ADESIVADAS EM AMBOS OS LADOS) | E73: UNID. | F73: 4 | G73: 866.32 | H73: =TRUNC(ROUND(G73*(1+$I$4),2),2) -> 1077.09 | I73: =TRUNC(ROUND(H73*F73,2),2) -> 4308.36
A74: 5.2 | B74: SINALIZAÇÃO HORIZONTAL
A75: 5.2.1 | B75: COMPOSIÇÃO | C75: COMP-087 | D75: SINALIZAÇÃO HORIZONTAL COM TINTA RETRORREFLETIVA A BASE DE RESINA ACRILICA COM MICROESFERAS DE VIDRO - APLICAÇÃO MANUAL - COR BRANCA | E75: M² | F75: 56 | G75: 25.15 | H75: =TRUNC(ROUND(G75*(1+$I$4),2),2) -> 31.27 | I75: =TRUNC(ROUND(H75*F75,2),2) -> 1751.12
A76: 5.2.2 | B76: COMPOSIÇÃO | C76: COMP-087 | D76: SINALIZAÇÃO HORIZONTAL COM TINTA RETRORREFLETIVA A BASE DE RESINA ACRILICA COM MICROESFERAS DE VIDRO - APLICAÇÃO MANUAL - COR AMARELA | E76: M² | F76: 14.2 | G76: 25.15 | H76: =TRUNC(ROUND(G76*(1+$I$4),2),2) -> 31.27 | I76: =TRUNC(ROUND(H76*F76,2),2) -> 444.03
A77: 6. | B77: LIMPEZA DA OBRA | I77: =I78 -> 2427.6
A78: 6.1 | B78: COMPOSIÇÃO | C78: COMP-088 | D78: LIMPEZA GERAL DA OBRA | E78: M² | F78: 2040 | G78: 0.96 | H78: =TRUNC(ROUND(G78*(1+$I$4),2),2) -> 1.19 | I78: =TRUNC(ROUND(H78*F78,2),2) -> 2427.6
A79: TOTAL | I79: =I11+I19+I52+I68+I70+I77 -> 814818.96
A81: OBSERVAÇÃO: Foi considerado arredondamento de duas casas decimais para quantidade, custo unitário sem BDI, custo unitário com BDI e custo total com BDI.
I83: Rio Grande, 04 de agosto de 2026.
B84: Responsável técnico:
D86: Engª Bruna T. Porciúncula Altê
D87: CREA RS 202.849
B89: Chefe de Gabinete:
D91: Giovana Trindade
D92: Chefe do Gabinete de Programas e Projetos Especiais

Sheet Cálculo BDI
B1: Prefeitura Municipal do Rio Grande
B2: Gabinete de Programas e Projetos Especiais
A5: BDI - BENEFÍCIOS E DESPESAS INDIRETAS
A6: ='PLANILHA ORÇAMENTÁRIA'!A6:I6 -> PROJETO DE PAVIMENTAÇÃO E DRENAGEM
A7: ='PLANILHA ORÇAMENTÁRIA'!A7:I7 -> PROJETO RUA C - trecho entre as Ruas 3 e 7
A8: ='PLANILHA ORÇAMENTÁRIA'!A8:I8 -> VILA DA QUINTA
A10: Tipo de obra: | B10: Construção de praças urbanas, rodovias, ferrovias e recapeamento e pavimentação de vias urbanas
A12: Percentual base de cálculo para o ISS (Decreto municipal 21.518/2025): | D12: 1
A13: Alíquota do ISS: | D13: 0.03
C15: Itens | D15: Sigla | E15: Adotado
C16: Administração Central | D16: AC | E16: 0.038
C17: Seguro e Garantia | D17: SG | E17: 0.0032
C18: Risco | D18: R | E18: 0.005
C19: Despesas Financeiras | D19: DF | E19: 0.0102
C20: Lucro | D20: L | E20: 0.0664
C21: Tributos (impostos COFINS 3% e PIS 0,65%) | D21: CP | E21: 0.0365
C22: Tributos (ISS, variável de acordo com o município) | D22: ISS | E22: =D12*D13 -> 0.03
C23: Tributos (contribuição previdência sobre a receita bruta) | D23: CPRB | E23: 0.027
C24: BDI COM DESONERAÇÃO | D24: BDI DES | E24: =(((1+E16+E17+E18)*(1+E19)*(1+E20))/(1-E21-E22-E23))-1 -> 0.24329563
I26: ='PLANILHA ORÇAMENTÁRIA'!I83 -> Rio Grande, 04 de agosto de 2026.
B27: BDI = | C27: ( ((1-AC+SG+R)*(1+DF)*(1+L))/(1-CP-ISS-CRPB))-1
C28: Conforme Acórdãos TCU nº 2622/2013 e nº 2369/2011
B31: Responsável técnico: | D31: Chefe de Gabinete:
C33: ='PLANILHA ORÇAMENTÁRIA'!D86 -> Engª Bruna T. Porciúncula Altê | E33: ='PLANILHA ORÇAMENTÁRIA'!D91 -> Giovana Trindade
C34: ='PLANILHA ORÇAMENTÁRIA'!D87 -> CREA RS 202.849 | D34: Chefe do Gabinete de Programas e Projetos Especiais

Sheet RESUMO
B1: Prefeitura Municipal do Rio Grande | I1: Resumo orçamento base para licitação
B2: Gabinete de Programas e Projetos Especiais | H2: Data base: | I2: ='PLANILHA ORÇAMENTÁRIA'!I2 -> 46174
I3: SINAPI RS DESONERADO
H4: BDI | I4: ='Cálculo BDI'!E24 -> 0.24329563
A5: RESUMO DA PLANILHA ORÇAMENTÁRIA
A6: ='PLANILHA ORÇAMENTÁRIA'!A6:I6 -> PROJETO DE PAVIMENTAÇÃO E DRENAGEM
A7: ='PLANILHA ORÇAMENTÁRIA'!A7:I7 -> PROJETO RUA C - trecho entre as Ruas 3 e 7
A8: ='PLANILHA ORÇAMENTÁRIA'!A8:I8 -> VILA DA QUINTA
B10: Serviço | C10: Valor
B11: ='PLANILHA ORÇAMENTÁRIA'!B11 -> CANTEIRO DE OBRAS E ADMINISTRAÇÃO LOCAL | C11: ='PLANILHA ORÇAMENTÁRIA'!I11 -> 94938.22
B12: ='PLANILHA ORÇAMENTÁRIA'!B19 -> DRENAGEM | C12: ='PLANILHA ORÇAMENTÁRIA'!I19 -> 358005.37
B13: ='PLANILHA ORÇAMENTÁRIA'!B52 -> PAVIMENTAÇÃO | C13: ='PLANILHA ORÇAMENTÁRIA'!I52 -> 348604.62
B14: ='PLANILHA ORÇAMENTÁRIA'!B68 -> VEGETAÇÃO | C14: ='PLANILHA ORÇAMENTÁRIA'!I68 -> 1076.04
B15: ='PLANILHA ORÇAMENTÁRIA'!B70 -> SINALIZAÇÃO DE TRÂNSITO | C15: ='PLANILHA ORÇAMENTÁRIA'!I70 -> 9767.11
B16: ='PLANILHA ORÇAMENTÁRIA'!B77 -> LIMPEZA DA OBRA | C16: ='PLANILHA ORÇAMENTÁRIA'!I77 -> 2427.6
B17: TOTAL | C17: =SUM(C11:C16) -> 814818.96
E20: ='PLANILHA ORÇAMENTÁRIA'!I83 -> Rio Grande, 04 de agosto de 2026.
B23: Responsável técnico:
C25: ='PLANILHA ORÇAMENTÁRIA'!D86 -> Engª Bruna T. Porciúncula Altê
C26: ='PLANILHA ORÇAMENTÁRIA'!D87 -> CREA RS 202.849
B28: Chefe de Gabinete:
C30: ='PLANILHA ORÇAMENTÁRIA'!D91 -> Giovana Trindade
C31: Chefe do Gabinete de Programas e Projetos Especiais

Sheet CRONOGRAMA
B1: Prefeitura Municipal do Rio Grande | I1: Cronograma base para licitação
B2: Gabinete de Programas e Projetos Especiais
B4: CRONOGRAMA FÍSICO-FINANCEIRO
B5: PROJETO DE PAVIMENTAÇÃO E DRENAGEM
B6: =RESUMO!A7 -> PROJETO RUA C - trecho entre as Ruas 3 e 7
B7: =RESUMO!A8 -> VILA DA QUINTA
F9: Mês 1 | G9: Mês 2 | H9: Mês 3 | I9: Mês 4
B10: 1. | C10: ='PLANILHA ORÇAMENTÁRIA'!B11 -> CANTEIRO DE OBRAS E ADMINISTRAÇÃO LOCAL | D10: ='PLANILHA ORÇAMENTÁRIA'!I11 -> 94938.22 | E10: Parcela (%) | F10: 0.35 | G10: 0.2 | H10: 0.2 | I10: 0.25
E11: Acumulado (%) | F11: =F10 -> 0.35 | G11: =G10+F11 -> 0.55 | H11: =H10+G11 -> 0.75 | I11: =I10+H11 -> 1
B12: 2. | C12: ='PLANILHA ORÇAMENTÁRIA'!B19 -> DRENAGEM | D12: ='PLANILHA ORÇAMENTÁRIA'!I19 -> 358005.37 | E12: Parcela (%) | F12: 0.2 | G12: 0.4 | H12: 0.4
E13: Acumulado (%) | F13: =F12 -> 0.2 | G13: =G12+F13 -> 0.6 | H13: =H12+G13 -> 1
B14: 3. | C14: ='PLANILHA ORÇAMENTÁRIA'!B52 -> PAVIMENTAÇÃO | D14: ='PLANILHA ORÇAMENTÁRIA'!I52 -> 348604.62 | E14: Parcela (%) | G14: 0.25 | H14: 0.5 | I14: 0.25
E15: Acumulado (%) | G15: =G14 -> 0.25 | H15: =H14+G15 -> 0.75 | I15: =I14+H15 -> 1
B16: 4. | C16: ='PLANILHA ORÇAMENTÁRIA'!B68 -> VEGETAÇÃO | D16: ='PLANILHA ORÇAMENTÁRIA'!I68 -> 1076.04 | E16: Parcela (%) | F16: 0.35 | G16: 0.35 | H16: 0.3
E17: Acumulado (%) | F17: =F16 -> 0.35 | G17: =G16+F17 -> 0.7 | H17: =H16+G17 -> 1
B18: 5. | C18: ='PLANILHA ORÇAMENTÁRIA'!B70 -> SINALIZAÇÃO DE TRÂNSITO | D18: ='PLANILHA ORÇAMENTÁRIA'!I70 -> 9767.11 | E18: Parcela (%) | I18: 1
E19: Acumulado (%) | I19: =I18 -> 1
B20: 6. | C20: ='PLANILHA ORÇAMENTÁRIA'!B77 -> LIMPEZA DA OBRA | D20: ='PLANILHA ORÇAMENTÁRIA'!I77 -> 2427.6 | E20: Parcela (%) | F20: 0.15 | G20: 0.3 | H20: 0.4 | I20: 0.15
E21: Acumulado (%) | F21: =F20 -> 0.15 | G21: =F21+G20 -> 0.45 | H21: =G21+H20 -> 0.85 | I21: =H21+I20 -> 1
C22: TOTAL | D22: =SUM(D10:D21) -> 814818.96 | E22: Parcela (%) | F22: =((F10*$D$10)+(F12*$D$12)+(F14*$D$14)+(F16*$D$16)+(F18*$D$18)+(F20*$D$20))/$D$22 -> 0.12956277 | G22: =((G10*$D$10)+(G12*$D$12)+(G14*$D$14)+(G16*$D$16)+(G18*$D$18)+(G20*$D$20))/$D$22 -> 0.30736379 | H22: =((H10*$D$10)+(H12*$D$12)+(H14*$D$14)+(H16*$D$16)+(H18*$D$18)+(H20*$D$20))/$D$22 -> 0.41455338 | I22: =((I10*$D$10)+(I12*$D$12)+(I14*$D$14)+(I16*$D$16)+(I18*$D$18)+(I20*$D$20))/$D$22 -> 0.14852006
E23: Parcela (R$) | F23: =F22*$D$22 -> 105570.21 | G23: =G22*$D$22 -> 250445.84 | H23: =H22*$D$22 -> 337785.95 | I23: =I22*$D$22 -> 121016.96
E24: Acumulado (%) | F24: =F22 -> 0.12956277 | G24: =F24+G22 -> 0.43692656 | H24: =G24+H22 -> 0.85147994 | I24: =H24+I22 -> 1
E25: Acumulado (R$) | F25: =F23 -> 105570.21 | G25: =F25+G23 -> 356016.05 | H25: =G25+H23 -> 693802 | I25: =H25+I23 -> 814818.96
I27: =RESUMO!E20 -> Rio Grande, 04 de agosto de 2026.
C29: Responsável técnico: | G29: Chefe de Gabinete:
C32: =RESUMO!C25 -> Engª Bruna T. Porciúncula Altê | G32: ='PLANILHA ORÇAMENTÁRIA'!D91 -> Giovana Trindade
C33: =RESUMO!C26 -> CREA RS 202.849 | G33: Chefe do Gabinete de Programas e Projetos Especiais

Sheet LICITAÇÃO
B1: Prefeitura Municipal do Rio Grande
B2: Gabinete de Programas e Projetos Especiais
A4: CAPACITAÇÃO PARA LICITAÇÃO
A5: ='PLANILHA ORÇAMENTÁRIA'!A6:I6 -> PROJETO DE PAVIMENTAÇÃO E DRENAGEM
A6: ='PLANILHA ORÇAMENTÁRIA'!A7:I7 -> PROJETO RUA C - trecho entre as Ruas 3 e 7
A7: ='PLANILHA ORÇAMENTÁRIA'!A8:I8 -> VILA DA QUINTA
B9: DRENAGEM - 50% do serviço a executar quanto ao assentamento de tubulações e execução de caixas:
B11: SERVIÇO | C11: PORCENTAGEM SOLICITADA | D11: QUANTIDADE TOTAL | E11: QUANTIDADE NECESSÁRIA | F11: UNIDADE
B12: Assentamento e fornecimento de tubos para escoamento pluvial | C12: 0.5 | D12: ='PLANILHA ORÇAMENTÁRIA'!F39+'PLANILHA ORÇAMENTÁRIA'!F40 -> 340 | E12: =ROUND(C12*D12,0) -> 170 | F12: m
B13: Execução de caixas de alvenaria (BL/PV) | C13: 0.5 | D13: ='PLANILHA ORÇAMENTÁRIA'!F46+'PLANILHA ORÇAMENTÁRIA'!F47 -> 20 | E13: =ROUND(C13*D13,0) -> 10 | F13: unid.
B16: PAVIMENTAÇÃO - 50% do serviço a executar quanto ao pavimento de blocos de concreto intertravado e assentamento de meios-fios.
B18: SERVIÇO | C18: PORCENTAGEM SOLICITADA | D18: QUANTIDADE TOTAL | E18: QUANTIDADE NECESSÁRIA | F18: UNIDADE
B19: Fornecimento e assentamento de bloco de concreto intertravado - e=8cm (16 faces 22x11cm) | C19: 0.5 | D19: ='PLANILHA ORÇAMENTÁRIA'!F66 -> 2040 | E19: =ROUND(C19*D19,0) -> 1020 | F19: m²
B20: Assentamento de meios-fios de concreto pré-moldado | C20: 0.5 | D20: ='PLANILHA ORÇAMENTÁRIA'!F63 -> 655 | E20: =ROUND(C20*D20,0) -> 328 | F20: m
F23: ='PLANILHA ORÇAMENTÁRIA'!I83 -> Rio Grande, 04 de agosto de 2026.
B25: Responsável técnico: | D25: Chefe de Gabinete:
B28: ='PLANILHA ORÇAMENTÁRIA'!D86 -> Engª Bruna T. Porciúncula Altê | D28: ='PLANILHA ORÇAMENTÁRIA'!D91 -> Giovana Trindade
B29: ='PLANILHA ORÇAMENTÁRIA'!D87 -> CREA RS 202.849 | D29: Chefe do Gabinete de Programas e Projetos Especiais
